 Dungeon Crawl Stone Soup version 0.27-a0-1302-g7736ffe575 (webtiles) character file.

Game seed: 4085782506775733008

457 Ijustatesigmund the Shield-Bearer (level 7, -1/59 HPs)
             Began as a Gnoll Fighter on June 18, 2021.
             Blown up by Ijyb (26 damage)
             ... with a mindburst bolt
             ... on level 3 of the Dungeon.
             The game lasted 00:05:33 (4409 turns).

Ijustatesigmund the Shield-Bearer (Gnoll Fighter)   Turns: 4409, Time: 00:05:34

Health: -1/59      AC:  7    Str: 15    XL:     7   Next: 6%
Magic:  19/19      EV:  8    Int:  8    God:
Gold:   86         SH: 10    Dex: 13    Spells: 10/10 levels left

rFire    + . .     SeeInvis .   a - +1 war axe
rCold    + . .     Faith    .   c - +0 kite shield
rNeg     . . .     Spirit   .   b - +0 scale mail
rPois    .         Reflect  .   (no helmet)
rElec    .         Harm     .   l - scarf {rC+ rF+}
rCorr    .         Rampage  .   (no gloves)
Will     .....                  (no boots)
Stlth    +.........             (no amulet)
HPRegen  0.19/turn              k - ring of magical power
MPRegen  0.16/turn              (no ring)

@: no status effects
A: fangs 1, strong nose, distributed training
a: no special abilities


You were on level 3 of the Dungeon.
You visited 1 branch of the dungeon, and saw 3 of its levels.
You also visited: Sewer.

You collected 86 gold pieces.

Inventory:

Hand Weapons
 a - a +1 war axe (weapon)
Armour
 b - a +0 scale mail (worn)
 c - a +0 kite shield (worn)
 l - a scarf of resistance (worn)
Jewellery
 k - a ring of magical power (left hand)
Scrolls
 e - a scroll of teleportation
 f - 3 scrolls of noise {unknown}
 g - 2 scrolls of fog
 h - 3 scrolls of blinking
Potions
 d - 3 potions of might
 i - a potion of brilliance
 m - a potion of flight
 o - a potion of heal wounds


   Skills:
 + Level 6.9 Fighting
 + Level 2.2 Short Blades
 + Level 2.2 Long Blades
 + Level 5.1 Axes
 + Level 2.2 Maces & Flails
 + Level 2.2 Polearms
 + Level 2.2 Staves
 + Level 2.2 Slings
 + Level 2.2 Bows
 + Level 2.2 Crossbows
 + Level 2.2 Throwing
 + Level 6.9 Armour
 + Level 2.2 Dodging
 + Level 2.2 Stealth
 + Level 6.9 Shields
 + Level 2.2 Unarmed Combat
 + Level 2.2 Spellcasting
 + Level 1.8 Conjurations
 + Level 1.8 Hexes
 + Level 1.8 Summonings
 + Level 1.8 Necromancy
 + Level 1.8 Translocations
 + Level 1.8 Transmutations
 + Level 1.8 Fire Magic
 + Level 1.8 Ice Magic
 + Level 1.8 Air Magic
 + Level 1.8 Earth Magic
 + Level 1.8 Poison Magic
 + Level 2.5 Invocations
 + Level 2.2 Evocations


You had 10 spell levels left.
You didn't know any spells.
Your spell library contained the following spells:

 Spells                   Type           Power      Damage    Failure   Level
 Summon Small Mammal      Summ           12%        N/A       85%         1
 Call Imp                 Summ           3%         N/A       94%         2
 Call Canine Familiar     Summ           3%         N/A       99%         3
 Summon Guardian Golem    Hex/Summ       3%         N/A       99%         3
 Summon Ice Beast         Ice/Summ       3%         N/A       100%        4
 Summon Lightning Spire   Summ/Air       3%         N/A       100%        4


Dungeon Overview and Level Annotations

Branches:
Dungeon (3/15)              Sewer (visited)

Altars:

Shops:
D:3 =(

Annotations:
D:3 Ijyb


Innate Abilities, Weirdness & Mutations

You have very sharp teeth.
Your uncanny sense of smell can sniff out nearby items.
Your experience applies equally to all skills.


Message History

Ijyb is moderately wounded.
Ijyb hits you with a +0 dagger. You block Ijyb's attack.
Ijyb hits you but does no damage.
You slash Ijyb!
Ijyb is severely wounded.
Ijyb closely misses you. You block Ijyb's attack.
You hit Ijyb.
Ijyb is severely wounded.
Ijyb hits you with a +0 dagger! You block Ijyb's attack.
You are too injured to fight recklessly!
You are too injured to fight recklessly!
You are too injured to fight recklessly!
You are too injured to fight recklessly!
You are too injured to fight recklessly!
You are too injured to fight recklessly!
You are too injured to fight recklessly!
You are too injured to fight recklessly!
You are too injured to fight recklessly!
You are too injured to fight recklessly!
You are too injured to fight recklessly!
You are too injured to fight recklessly!
You are too injured to fight recklessly!
You are too injured to fight recklessly!
You are too injured to fight recklessly!
You are too injured to fight recklessly!
You are too injured to fight recklessly!
You miss Ijyb.
Ijyb is severely wounded.
You block Ijyb's attack. Ijyb hits you with a +0 dagger.
You hit Ijyb but do no damage.
Ijyb is severely wounded.
Ijyb hits you with a +0 dagger. Ijyb hits you but does no damage.
You barely miss Ijyb. You bite Ijyb, but do no damage.
Ijyb is severely wounded.
You block Ijyb's attack. x2
You slash Ijyb! Your bite misses Ijyb.
Ijyb is almost dead.
Ijyb is no longer berserk.
You block Ijyb's attack.
Ijyb zaps a wand.
Your mind is blasted!
You die...

#)†)..#...#
#.....#...#
#.....#...#
+##.....##'##
#............#
#............#
##########...#
......)#...# ∆
......g@...# ∆
.......'...#
############


You could see Ijyb (slow).

Vanquished Creatures
  2 kobold brigands (Sewer)
  Jessica (D:3)
  Natasha (thrice) (D:2)
  10 adders
  A river rat (Sewer)
  2 worms
  3 dart slugs
  9 bats
  8 endoplasms
  A giant cockroach (D:1)
  13 goblins
  6 hobgoblins
  10 jackals
  4 quokkas
  12 ball pythons
  4 frilled lizards
  11 kobolds
  14 rats
114 creatures vanquished.

Vanquished Creatures (others)
  6 plants (D:2)
  17 withered plants (D:2)
23 creatures vanquished.

Grand Total: 137 creatures vanquished

Notes
Turn   | Place    | Note
-------+----------+-------------------------------------------
     0 | D:1      | Ijustatesigmund the Gnoll Fighter began the quest for the
                  | Orb.
     0 | D:1      | Reached XP level 1. HP: 23/23 MP: 1/1
   138 | D:1      | Reached XP level 2. HP: 29/29 MP: 2/2
   563 | D:1      | Reached XP level 3. HP: 32/35 MP: 3/3
   906 | D:2      | Reached skill level 1 in Invocations
  1158 | D:2      | Reached skill level 1 in Short Blades
  1158 | D:2      | Reached skill level 1 in Long Blades
  1158 | D:2      | Reached skill level 1 in Maces & Flails
  1158 | D:2      | Reached skill level 1 in Polearms
  1158 | D:2      | Reached skill level 1 in Staves
  1158 | D:2      | Reached skill level 1 in Slings
  1158 | D:2      | Reached skill level 1 in Bows
  1158 | D:2      | Reached skill level 1 in Crossbows
  1158 | D:2      | Reached skill level 1 in Throwing
  1158 | D:2      | Reached skill level 1 in Dodging
  1158 | D:2      | Reached skill level 1 in Stealth
  1158 | D:2      | Reached skill level 1 in Unarmed Combat
  1158 | D:2      | Reached skill level 1 in Spellcasting
  1158 | D:2      | Reached skill level 1 in Evocations
  1182 | D:2      | Noticed Natasha
  1193 | D:2      | Killed Natasha
  1194 | D:2      | Reached XP level 4. HP: 29/41 MP: 5/5
  1307 | D:2      | You fall into a shaft and drop 1 floor!
  1338 | D:3      | Found a glowing drain.
  1357 | Sewer    | Entered a sewer
  1384 | Sewer    | Reached skill level 1 in Conjurations
  1384 | Sewer    | Reached skill level 1 in Hexes
  1384 | Sewer    | Reached skill level 1 in Summonings
  1384 | Sewer    | Reached skill level 1 in Necromancy
  1384 | Sewer    | Reached skill level 1 in Translocations
  1384 | Sewer    | Reached skill level 1 in Transmutations
  1384 | Sewer    | Reached skill level 1 in Fire Magic
  1384 | Sewer    | Reached skill level 1 in Ice Magic
  1384 | Sewer    | Reached skill level 1 in Air Magic
  1384 | Sewer    | Reached skill level 1 in Earth Magic
  1384 | Sewer    | Reached skill level 1 in Poison Magic
  1875 | Sewer    | Reached XP level 5. HP: 47/47 MP: 6/6
  1883 | Sewer    | Noticed a kobold brigand
  1898 | Sewer    | Killed a kobold brigand
  2435 | Sewer    | Reached XP level 6. HP: 33/53 MP: 8/8
  2853 | Sewer    | Reached skill level 5 in Axes
  3064 | D:3      | Found Pissir's Jewellery Boutique.
  3144 | D:2      | Noticed Natasha
  3149 | D:2      | Killed Natasha
  3215 | D:2      | Noticed Natasha
  3221 | D:2      | Killed Natasha
  3373 | D:2      | Found a faded altar of an unknown god.
  3757 | D:3      | Found Nenwunu's Antique Weapon Emporium.
  3775 | D:3      | Noticed Jessica
  3782 | D:3      | Killed Jessica
  3783 | D:3      | Reached XP level 7. HP: 49/59 MP: 10/10
  4388 | D:3      | Noticed Ijyb
  4409 | D:3      | Blown up by Ijyb

Illustrated notes

Levels and vault maps discovered:
D:1:      psy_arrival_whirlpool, layout_basic
D:2:      layout_loops_ring, shapermc_ecumenical_altar_flowoftime, st_stairs_1,
          kennysheep_donut, uniq_natasha
D:3:      kennysheep_goblin_castle, layout_loops_cross,
          cheibrodos_sewer_entry_drain, serial_shops, shop_statue,
          nicolae_shop_waterfront, uniq_jessica

Skill      XL: |  1  2  3  4  5  6 |
---------------+-------------------+-----
Invocations    | 1 2 |  2.5
Short Blades   | 1 2 |  2.2
Long Blades    | 1 2 |  2.2
Maces & Flails | 1 2 |  2.2
Polearms       | 1 2 |  2.2
Staves         | 1 2 |  2.2
Slings         | 1 2 |  2.2
Bows           | 1 2 |  2.2
Crossbows      | 1 2 |  2.2
Throwing       | 1 2 |  2.2
Dodging        | 1 2 |  2.2
Stealth        | 1 2 |  2.2
Unarmed Combat | 1 2 |  2.2
Spellcasting   | 1 2 |  2.2
Evocations     | 1 2 |  2.2
Conjurations   | 1 |  1.8
Hexes          | 1 |  1.8
Summonings     | 1 |  1.8
Necromancy     | 1 |  1.8
Translocations | 1 |  1.8
Transmutations | 1 |  1.8
Fire Magic     | 1 |  1.8
Ice Magic      | 1 |  1.8
Air Magic      | 1 |  1.8
Earth Magic    | 1 |  1.8
Poison Magic   | 1 |  1.8
Axes           | 5 |  5.1
Fighting       | |  6.9
Armour         | |  6.9
Shields        | |  6.9

Action                   |  1- 3 |  4- 6 |  7- 9 || total
-------------------------+-------+-------+-------++-------
Melee: War axe           |   114 |   219 |    54 ||   387
       Bite              |     8 |    18 |     5 ||    31
  Use: Potion            |       |     1 |       ||     1
       Scroll            |       |     9 |       ||     9
Armor: Scale mail        |    67 |    71 |    10 ||   148
Dodge: Dodged            |    35 |    61 |    16 ||   112
Block: Kite shield       |    82 |   116 |    30 ||   228

Table legend: (Time is in decaauts)
 A = Elapsed time spent in this place.
 B = Non-inter-level travel time spent in this place.
 C = Inter-level travel time spent in this place.
 D = Time resting spent in this place.
 E = Time spent auto-exploring this place.
 F = Levels seen in this place.
 G = Mean time per level.
                   A        B        C        D        E       F      G
               +--------+--------+--------+--------+--------+-----+--------+
         Total |   4656 |   4596 |     60 |    876 |   2775 |   4 | 1164.0 |
       Dungeon |   2865 |   2805 |     60 |      0 |   2169 |   3 |  955.0 |
         Sewer |   1791 |   1791 |      0 |    876 |    606 |   1 | 1791.0 |
               +--------+--------+--------+--------+--------+-----+--------+

Top non-repeatable levels by time:
   Sewer: 1791 daAuts
     D:2: 1188 daAuts
     D:1: 881 daAuts
     D:3: 796 daAuts
